 Dungeon Crawl Stone Soup version 0.30.0-10-gfe55d96785 (webtiles) character file.

Game seed: 13865268686841847186

1137 Foic the Magician (level 8, -2/50 HPs)
             Began as a Djinni Conjurer on May 16, 2023.
             Slain by a gnoll bouda
             ... wielding a +0 whip
              (11 damage)
             ... on level 5 of the Dungeon.
             The game lasted 00:23:18 (4645 turns).

Foic the Magician (Djinni Conjurer)                 Turns: 4645, Time: 00:23:19

Health: -2/50      AC:  3    Str:  6    XL:     8   Next: 63%
Gold:   455        EV: 14    Int: 23    God:
                   SH:  0    Dex: 17

rFire   + + .        b - +1 dagger (distort)
rCold   x . .        (no shield)
rNeg    . . .        a - +0 robe
rPois   ∞            (no helmet)
rElec   .            i - +0 cloak
rCorr   .            (no gloves)
SInv    .            (boots unavailable)
Will    +....        y - amulet of regeneration
Stlth   ++           q - ring of willpower
HPRegen 1.08/turn    s - +6 ring of dexterity
MPRegen 0.00/turn

%: infuse magic (-3 HP)
@: weakened, flying
A: sickness immunity, fire resistance 2, cold vulnerability 1, float, innate
caster, HP casting, extra vitality 1
a: no special abilities


You were on level 5 of the Dungeon.
You visited 2 branches of the dungeon, and saw 6 of its levels.

You collected 455 gold pieces.

Inventory:

Hand Weapons
 b - a +1 dagger of distortion (weapon)
 j - a +2 short sword of venom
Missiles
 c - 39 stones
 r - 3 atropa-tipped darts
 u - a boomerang
Armour
 a - a +0 robe (worn)
 i - a +0 cloak (worn)
Jewellery
 q - a ring of willpower (left hand)
 s - a +6 ring of dexterity (right hand)
 y - an amulet of regeneration (around neck)
Wands
 x - a wand of mindburst (9)
 z - a wand of polymorph (13)
Scrolls
 h - 2 scrolls of fear {unknown}
 k - 8 scrolls of teleportation {unknown}
 l - a scroll of poison {unknown}
 m - a scroll of noise {unknown}
 o - 4 scrolls of identify {unknown}
 p - a scroll of enchant weapon {unknown}
 t - 2 scrolls of fog {unknown}
 w - a scroll of magic mapping {unknown}
Potions
 d - a potion of mutation {unknown}
 e - 2 potions of resistance {unknown}
 f - a potion of brilliance {unknown}
 g - 2 potions of heal wounds {unknown}
 n - 2 potions of degeneration {unknown}
 v - a potion of attraction {unknown}


   Skills:
 + Level 0.3 Fighting
 * Level 4.2 Dodging
 + Level 2.2 Stealth
 * Level 7.5 Spellcasting


You knew the following spells:

 Your Spells              Type           Power      Damage    Failure   Level
a - Magic Dart            Conj           100%       1d8       1%          1
b - Searing Ray           Conj           86%        2d7       1%          2
c - Dazzling Flash        Conj/Hex       86%        N/A       1%          3
d - Fulminant Prism       Conj/Hex       21%        3d12      3%          4
e - Iskenderun's Mystic   Conj/Tloc      43%        2d10      3%          4
f - Slow                  Hex            100%       N/A       1%          1
g - Poisonous Vapours     Pois/Air       86%        N/A       1%          2
h - Swiftness             Air            43%        N/A       1%          3
Your spell library was empty.

Dungeon Overview and Level Annotations

Branches:
Dungeon (5/15)             Temple (1/1) D:5

Altars:
Ashenzari
Cheibriados
Dithmenos
Elyvilon
Fedhas
Gozag
Hepliaklqana
Makhleb
Nemelex Xobeh
Okawaru
Qazlal
Ru
Trog
Uskayaw
Wu Jian
Xom
Yredelemnul
Zin
The Shining One

Shops:
D:4 (

Annotations:
D:4 850G arabalest +rC +stealth +speed


Innate Abilities, Weirdness & Mutations

You are immune to sickness and miasma.
You are immune to poison.
Your flesh is very heat resistant. (rF++)
You are vulnerable to cold. (rC-)
You float through the air rather than walking.
You learn spells naturally, not from books.
Your magical power is your life essence.
You have superior vitality. (+4 MHP)


Message History

The searing ray hits the gnoll bouda.
The gnoll bouda is heavily wounded.
You finish channelling your searing ray.
The hound barely misses you.
The gnoll bouda hits you with a +0 whip!
The hound misses you.
Casting: Searing Ray (safe; 1% risk of failure)
Confirm with . or Enter, or press ? or * to list all spells.
Aiming: Searing Ray (safe; 1% risk of failure)
Press: ? - help, Shift-Dir - straight line, f - hound, p - gnoll bouda
Aim: a hound (moderately wounded, 75% to hit)
The searing ray misses the hound. (Press . to maintain the ray.)
The hound misses you.
The gnoll bouda hits you with a +0 whip!
The searing ray hits the hound.
The hound is heavily wounded.
Your attacks no longer feel as feeble.
The hound completely misses you. The gnoll bouda misses you.
The hound barely misses you.
The searing ray hits the hound.
The hound is severely wounded.
The hound barely misses you.
The gnoll bouda gazes fiercely through you!
You feel your attacks grow feeble. The gnoll bouda barely misses you.
The searing ray hits the hound.
The hound is almost dead.
You finish channelling your searing ray.
The hound misses you.
The gnoll bouda hits you with a +0 whip!
* * * LOW HITPOINT WARNING * * *
The hound closely misses you.
You hit the hound.
You kill the hound!
The gnoll bouda hits you with a +0 whip.
* * * LOW HITPOINT WARNING * * *
The gnoll bouda attacks as you move away!
The gnoll bouda hits you with a +0 whip!
You die...

##....#......##
#....#...# #
#....#.....######..#.#..#
#
####..###.##....##......#
# ##..#.##......##...###
#
#...###..#..#..#'###....f
###...'...##...#.#......
##..'...##...#.#./.#$
####..#g.#..'.#...$#
##.@....##.#...h#
##....###.#...#$#..
###### #g#.....lg.
#...####'#'# ##..#......#
##.#......# #..#..##..#
####..#..##..#
#.....#......#


You could see a gnoll bouda.

Vanquished Creatures
  A water moccasin (D:5)
  An ice beast (D:5)
  A black bear (D:5)
  3 phantoms
  A bullfrog (D:5)
  A scorpion (D:5)
  A howler monkey (D:5)
  2 hounds
  A gnoll bouda (D:4)
  An iguana (D:5)
  2 orc wizards
  Natasha (thrice) (D:2)
  6 gnolls (D:4)
  7 adders
  2 white imps (D:5)
  3 worms
  3 dart slugs
  17 orcs
  3 bats
  7 endoplasms
  3 giant cockroaches
  8 goblins
  5 hobgoblins
  2 jackals (D:1)
  3 quokkas
  7 ball pythons
  A frilled lizard (D:1)
  6 kobolds
  5 rats
106 creatures vanquished.

Notes
Turn   | Place    | Note
-------+----------+-------------------------------------------
     0 | D:1      | Foic the Djinni Conjurer began the quest for the Orb.
     0 | D:1      | Foic set off with the following spells memorised: Magic
                  | Dart, Searing Ray, Dazzling Flash, Fulminant Prism,
                  | Iskenderun's Mystic Blast.
     0 | D:1      | Reached XP level 1. HP: 15/15 MP: 0/0
   102 | D:1      | Reached XP level 2. HP: 18/21 MP: 0/0
   417 | D:1      | Reached XP level 3. HP: 17/25 MP: 0/0
   417 | D:1      | Learned a level 1 spell: Slow
   888 | D:2      | Reached skill level 4 in Spellcasting
  1002 | D:2      | Noticed Natasha
  1011 | D:2      | Killed Natasha
  1012 | D:2      | Reached XP level 4. HP: 26/31 MP: 0/0
  1213 | D:2      | Noticed Natasha
  1218 | D:2      | Killed Natasha
  1398 | D:2      | Noticed Natasha
  1406 | D:2      | Killed Natasha
  1407 | D:2      | Reached XP level 5. HP: 27/35 MP: 0/0
  1407 | D:2      | Learned a level 2 spell: Poisonous Vapours
  1761 | D:3      | Reached skill level 5 in Spellcasting
  2255 | D:3      | You are sucked into a shaft and drop 1 floor!
  2294 | D:3      | Reached XP level 6. HP: 37/40 MP: 0/0
  2406 | D:4      | Found Kagu's Weapon Shop.
  3014 | D:4      | Found a shimmering altar of Xom.
  3036 | D:4      | Reached XP level 7. HP: 40/45 MP: 0/0
  3036 | D:4      | Learned a level 3 spell: Swiftness
  3200 | D:4      | Reached skill level 6 in Spellcasting
  3564 | D:5      | Entered Level 5 of the Dungeon
  3660 | D:5      | Found a staircase to the Ecumenical Temple.
  3679 | Temple   | Entered the Ecumenical Temple
  3918 | D:5      | Noticed a water moccasin
  3924 | D:5      | Killed a water moccasin
  4044 | D:5      | Reached XP level 8. HP: 40/50 MP: 0/0
  4149 | D:5      | Reached skill level 7 in Spellcasting
  4645 | D:5      | Slain by a gnoll bouda

Illustrated notes

Levels and vault maps discovered:
D:1:      amcnicky_arrival_choice, layout_loops_cross, hangedman_decor_push
D:2:      layout_rooms, nicolae_concentric_dashed_squares_wild,
          kennysheep_cross_bottleneck, uniq_natasha
D:3:      layout_loops_ring
D:4:      layout_basic, old_standard_altar, serial_shops,
          nicolae_inconvenience_store
D:5:      minmay_polygon_palace, layout_cave_pools, minmay_temple_entry_tees
Temple:   compressed_dpeg_circular_temple

Skill      XL: |  1  2  3  4  5  6  7  8 |
---------------+-------------------------+-----
Spellcasting   | 4 5 6 7 |  7.5
Dodging        | 3 4 |  4.2
Stealth        | 2 |  2.2
Fighting       | |  0.3

Action                     |  1- 3 |  4- 6 |  7- 9 || total
---------------------------+-------+-------+-------++-------
  Melee: Dagger            |       |       |     1 ||     1
   Cast: Magic Dart        |    62 |    88 |    44 ||   194
         Searing Ray       |     1 |     9 |    22 ||    32
         Poisonous Vapours |       |     5 |     3 ||     8
         Slow              |       |     9 |    14 ||    23
 Armour: Robe              |     3 |       |     5 ||     8
  Dodge: Dodged            |     8 |    15 |    32 ||    55
